 Dungeon Crawl Stone Soup version 0.27-a0-385-g3208abaabc (webtiles) character file.

Game seed: 1852945528960177506

73 tilp the Sneak (level 4, -3/28 HPs)
             Began as an Octopode Transmuter on Feb 19, 2021.
             Slain by a gnoll
             ... wielding a +0 club
              (9 damage)
             ... on level 2 of the Dungeon.
             The game lasted 00:02:08 (2692 turns).

tilp the Sneak (Octopode Transmuter)                Turns: 2692, Time: 00:02:08

Health: -3/28      AC:  1    Str:  9    XL:     4   Next: 27%
Magic:  5/7        EV: 13    Int: 16    God:
Gold:   71         SH:  0    Dex: 12    Spells: 4/7 levels left

rFire    . . .     SeeInvis .     - Unarmed
rCold    . . .     Faith    .   (no shield)
rNeg     . . .     Spirit   .   (helmet currently unavailable)
rPois    .         Reflect  .   (no amulet)
rElec    .         Harm     .   (no ring)
rCorr    .         Rampage  .   (no ring)
Will     .....                  (no ring)
Stlth    +++.......             (no ring)
HPRegen  0.09/turn              (no ring)
MPRegen  0.10/turn              (no ring)
                                (no ring)
                                (no ring)

@: appendages (expiring), wereblooded
A: almost no armour, stealthy swim, amphibious, 8 rings, constrict 8, tentacle
spike 3, camouflage 1, gelatinous body 1
a: End Transformation


You were on level 2 of the Dungeon.
One of your tentacles had a temporary spike.
You visited 1 branch of the dungeon, and saw 2 of its levels.

You collected 71 gold pieces.

Inventory:

Missiles
 a - 24 stones (quivered)
 d - 4 javelins
Armour
 h - a +0 kite shield
Scrolls
 b - a scroll of fear
 c - a scroll of identify {unknown}
 e - a scroll of magic mapping {unknown}
 g - a scroll of teleportation {unknown}
Potions
 f - 2 potions of curing {unknown}


   Skills:
 + Level 1.6 Fighting
 - Level 2.0 Dodging
 - Level 4.0 Stealth
 * Level 3.7 Unarmed Combat
 - Level 2.0 Spellcasting
 - Level 2.0 Transmutations


You had 4 spell levels left.
You knew the following spells:

 Your Spells              Type           Power        Failure   Level
a - Beastly Appendage     Tmut           16%          9%          1
b - Wereblood             Tmut           8%           14%         2

Your spell library contained the following spells:

 Spells                   Type           Power        Failure   Level
 Spider Form              Tmut/Pois      2%           38%         3
 Ice Form                 Ice/Tmut       4%           80%         4
 Blade Hands              Tmut           4%           94%         5


Dungeon Overview and Level Annotations

Branches:
Dungeon (2/15)

Altars:


Innate Abilities, Weirdness & Mutations

You cannot wear most types of armour.
You are very stealthy in the water. (Stealth+)
You are amphibious.
You can wear up to eight rings at the same time.
You can use your tentacles to constrict eight enemies at once.
Your skin changes colour to match your surroundings (Stealth+).
Your rubbery body absorbs attacks. (AC +1, EV +1)
One of your tentacles bears a large vicious spike.


Message History

Casting: Wereblood (safe; 14% risk of failure)
Confirm with . or Enter, or press ? or * to list all spells.
One of your tentacles grows a vicious spike.
A gnoll comes into view. It is wielding a +0 club.
A worm comes into view.
The worm moves out of view.
Casting: Beastly Appendage (safe; 9% risk of failure)
Confirm with . or Enter, or press ? or * to list all spells.
Your blood is infused with primal strength.
Your transformation is almost over.
You tentacle-slap the gnoll. Your grab misses the gnoll.
The gnoll is moderately wounded.
The gnoll hits you!
You tentacle-slap the gnoll but do no damage.
Your grab misses the gnoll.
You pierce the gnoll.
Your squeeze misses the gnoll.
The gnoll is heavily wounded.
The gnoll hits you!
You closely miss the gnoll. You grab the gnoll. You squeeze the gnoll.
The gnoll is almost dead.
You constrict the gnoll, but do no damage.
The gnoll hits you!
* * * LOW HITPOINT WARNING * * *
Unknown command.
You tentacle-slap the gnoll.
You kill the gnoll!
You tentacle-slap the quokka.
You kill the quokka!
You barely miss the gnoll. Your grab misses the gnoll. The gnoll misses you.
You tentacle-slap the gnoll. Your grab misses the gnoll.
Your tentacle spike misses the gnoll.
The gnoll is moderately wounded.
You howl as the wereblood boils in your veins!
You hear a shout!
You tentacle-slap the gnoll. You grab the gnoll.
The gnoll is severely wounded.
You howl as the wereblood boils in your veins!
You constrict the gnoll, but do no damage.
The gnoll hits you with a +0 club!
You die...

#.##.########.###
#.##............#
#.###########.#.#.## #.#
#.......... ..#
#####.######.#. ... ###
##...#.# #.# .. #
#.).)..######.# .g #
#...<)......#.# .# #
###......####@#.#..# #
##.##...#.# #g#.#..#...
###...##.##.# #.........#
##........#.######.#.....
#.....................#.#
..........#...........#
###...##.##########..##
##.###)# ..w.. #......#
.###.#


You could see a worm and a gnoll.

Vanquished Creatures
  A gnoll (D:2)
  2 oozes (D:1)
  2 worms (D:2)
  A dart slug (D:1)
  5 leopard geckos
  7 bats (D:1)
  2 giant cockroaches (D:1)
  8 goblins
  A hobgoblin (D:2)
  3 kobolds (D:1)
  A quokka (D:2)
  4 frilled lizards (D:1)
  4 rats
41 creatures vanquished.

Notes
Turn   | Place    | Note
-------+----------+-------------------------------------------
     0 | D:1      | tilp the Octopode Transmuter began the quest for the Orb.
     0 | D:1      | Reached XP level 1. HP: 13/13 MP: 3/3
    57 | D:1      | Reached skill level 1 in Stealth
   313 | D:1      | Reached skill level 2 in Stealth
   319 | D:1      | Reached XP level 2. HP: 14/18 MP: 5/5
   322 | D:1      | Learned a level 2 spell: Wereblood
   464 | D:1      | Reached skill level 3 in Stealth
   656 | D:1      | Reached XP level 3. HP: 3/23 MP: 6/6
  1042 | D:1      | Reached skill level 4 in Stealth
  2538 | D:2      | Reached XP level 4. HP: 28/28 MP: 7/7
  2692 | D:2      | Slain by a gnoll

Illustrated notes

Levels and vault maps discovered:
D:1:      saegor_arrival_simple_c, layout_basic, nrook_uturn
D:2:      layout_loops_ring, uniq_jessica

Skill      XL: |  1  2  3 |
---------------+----------+-----
Stealth        | 2 3 4 |  4.0
Fighting       | |  1.6
Dodging        | |  2.0
Unarmed Combat | |  3.7
Spellcasting   | |  2.0
Transmutations | |  2.0

Action                   |  1- 3 |  4- 6 || total
-------------------------+-------+-------++-------
Melee: Unarmed           |   106 |    15 ||   121
       Constrict         |    21 |     4 ||    25
       Kick              |     7 |     1 ||     8
       Tentacles         |    11 |     2 ||    13
 Cast: Beastly Appendage |     5 |     1 ||     6
       Wereblood         |     1 |     1 ||     2
  Use: Scroll            |     1 |       ||     1
 Stab: Sleeping          |     8 |     1 ||     9
Armor: Skin              |    13 |       ||    13
Dodge: Dodged            |    64 |     4 ||    68

Table legend: (Time is in decaauts)
 A = Elapsed time spent in this place.
 B = Non-inter-level travel time spent in this place.
 C = Inter-level travel time spent in this place.
 D = Time resting spent in this place.
 E = Time spent auto-exploring this place.
 F = Levels seen in this place.
 G = Mean time per level.
                   A        B        C        D        E       F      G
               +--------+--------+--------+--------+--------+-----+--------+
         Total |   2684 |   2638 |     46 |    963 |   1382 |   2 | 1342.0 |
       Dungeon |   2684 |   2638 |     46 |    963 |   1382 |   2 | 1342.0 |
               +--------+--------+--------+--------+--------+-----+--------+

Top non-repeatable levels by time:
     D:1: 2214 daAuts
     D:2: 470 daAuts
